 Dungeon Crawl Stone Soup version 0.29.0-4-gdea44cf6ec (webtiles) character file.

Game seed: 558244540331854755

64 qw the Chopper (level 4, 0/26 HPs)
             Began as a Tengu Warper on Aug 28, 2022.
             Killed from afar by Ijyb (4 damage)
             ... with a puff of flame
             ... on level 3 of the Dungeon.
             The game lasted 00:00:12 (2581 turns).

qw the Chopper (Tengu Warper)                       Turns: 2581, Time: 00:00:13

Health: 0/26       AC:  6    Str: 14    XL:     4   Next: 12%
Magic:  8/8        EV: 11    Int: 13    God:
Gold:   82         SH:  0    Dex: 13    Spells: 7/7 levels left

rFire   . . .      SeeInvis .   Y - +0 hand axe
rCold   . . .      Faith    .   (no shield)
rNeg    . . .      Spirit   .   g - +0 ring mail
rPois   .          Reflect  .   (helmet restricted)
rElec   .          Harm     .   (no cloak)
rCorr   .          Rampage  .   i - +0 pair of gloves
Will    .....                   (boots unavailable)
Stlth   +.........              (no amulet)
HPRegen 0.08/turn               (no ring)
MPRegen 0.11/turn               (no ring)

@: no status effects
A: beak, talons 3
a: no special abilities


You were on level 3 of the Dungeon.
You visited 1 branch of the dungeon, and saw 3 of its levels.

You collected 82 gold pieces.


Innate Abilities, Weirdness & Mutations

You have a beak for a mouth.
You have claws for feet.


   Skills:
 - Level 2.0 Fighting
 + Level 4.7 Axes
 - Level 1.0 Throwing
 - Level 1.1 Armour
 - Level 2.1 Dodging
 - Level 2.0 Spellcasting
 - Level 2.4 Translocations


You had 7 spell levels left.
You didn't know any spells.
Your spell library contained the following spells:

 Spells                   Type           Power      Damage    Failure   Level
 Blink                    Tloc           14%        N/A       30%         2
 Gell's Gravitas          Tloc           7%         N/A       52%         3
 Lesser Beckoning         Tloc           7%         N/A       52%         3
 Teleport Other           Tloc           7%         N/A       52%         3
 Manifold Assault         Tloc           7%         N/A       99%         5

Inventory:

Hand Weapons
 j - a +0 vorpal mace
 Y - a +0 hand axe (weapon)
Armour
 g - a +0 ring mail (worn)
 i - a +0 pair of gloves (worn)
Scrolls
 f - a scroll of identify
Potions
 h - a potion of might {unknown}
 k - a potion of curing {unknown}

Dungeon Overview and Level Annotations

Branches:
Dungeon (3/15)

Altars:

Annotations:
D:3 Ijyb


Message History

You hit Ijyb but do no damage. Your kick misses Ijyb.
Ijyb is severely wounded.
Ijyb hits you with a +1 dagger of speed.
2572 ||| DRINKING potion of heal wounds.
You feel much better.
Ijyb hits you with a +1 dagger of speed.
Ijyb zaps a wand.
The puff of flame hits you.
You closely miss Ijyb. Your kick misses Ijyb. Your peck misses Ijyb.
Ijyb is severely wounded.
Ijyb hits you but does no damage.
You hit Ijyb. Your kick misses Ijyb. Your peck misses Ijyb.
Ijyb is severely wounded.
Ijyb hits you but does no damage.
Ijyb hits you with a +1 dagger of speed.
You barely miss Ijyb.
Ijyb is severely wounded.
Ijyb barely misses you.
You hit Ijyb. You claw Ijyb, but do no damage. Your peck misses Ijyb.
Ijyb is severely wounded.
Ijyb hits you with a +1 dagger of speed.
Ijyb zaps a wand.
The puff of flame hits you.
You closely miss Ijyb. You claw Ijyb, but do no damage. Your peck misses Ijyb.
Ijyb is severely wounded.
Ijyb hits you with a +1 dagger of speed.
You barely miss Ijyb.
Ijyb is severely wounded.
Ijyb zaps a wand.
The puff of flame misses you.
You closely miss Ijyb.
Ijyb is severely wounded.
Ijyb misses you.
Ijyb hits you with a +1 dagger of speed.
You closely miss Ijyb. Your kick misses Ijyb.
Ijyb is severely wounded.
Ijyb barely misses you.
You hit Ijyb.
Ijyb is severely wounded.
Ijyb hits you with a +1 dagger of speed.
Ijyb screams, "Die!"
Ijyb zaps a wand.
The puff of flame hits you.
You die...

#### # ..# ..# ... ..#
#.# ..# #.##.###
#######......#
......g@.#.#
########.#.# ##+# #...#
##...## #.### #
##.....## #.###.#
##.......## ##.....#
#.........####...#####
+.........'...%........
#.........####...###.##


You could see Ijyb.

Vanquished Creatures
  2 adders (D:2)
  3 dart slugs
  6 bats
  4 endoplasms
  2 giant cockroaches
  2 goblins
  4 hobgoblins
  2 jackals (D:3)
  2 quokkas
  3 ball pythons
  4 kobolds
  4 rats
38 creatures vanquished.

Notes
Turn   | Place    | Note
-------+----------+-------------------------------------------
     0 | D:1      | qw the Tengu Warper began the quest for the Orb.
     0 | D:1      | Reached XP level 1. HP: 12/12 MP: 4/4
     0 | D:1      | 0 ||| qw: Version: 0.1-a-89-g26bdef1
     0 | D:1      | 0 ||| qw: Game counter: 419
     0 | D:1      | 0 ||| qw: Always use a shield: true
     0 | D:1      | 0 ||| qw: God list: Okawaru
     0 | D:1      | 0 ||| qw: Allow faded altars: false
     0 | D:1      | 0 ||| qw: Do Orc after D:15 true
     0 | D:1      | 0 ||| qw: Do second Lair branch before Depths: true
     0 | D:1      | 0 ||| qw: Lair rune preference: random
     0 | D:1      | 0 ||| qw: Plans: Normal
     0 | D:1      | 0 ||| PLANNING D:1-11
    89 | D:1      | 89 ||| Stepping ~*~*~tactically~*~*~ (stealth).
    91 | D:1      | 91 ||| Stepping ~*~*~tactically~*~*~ (hiding).
    95 | D:1      | Reached skill level 3 in Axes
    95 | D:1      | Reached XP level 2. HP: 8/17 MP: 6/6
   308 | D:1      | Found a faded altar of an unknown god.
   654 | D:1      | 654 ||| DROPPING +0 mace.
  1103 | D:1      | 1103 ||| UPGRADING to +0 pair of gloves.
  1108 | D:1      | 1108 ||| DROPPING ring of magical power.
  1109 | D:1      | 1109 ||| READING scroll labelled WAANGU DO PEMM.
  1110 | D:1      | 1110 ||| READING 2 scrolls labelled LUIPHI XESOWK.
  1111 | D:1      | 1111 ||| READING scroll labelled SAEBRY RIED.
  1112 | D:1      | 1112 ||| DROPPING scroll of blinking.
  1161 | D:2      | 1161 ||| Stepping ~*~*~tactically~*~*~ (stealth).
  1172 | D:2      | 1172 ||| FLEEEEING.
  1173 | D:2      | 1173 ||| FLEEEEING.
  1174 | D:2      | 1174 ||| FLEEEEING.
  1175 | D:2      | 1175 ||| FLEEEEING.
  1176 | D:2      | 1176 ||| FLEEEEING.
  1177 | D:2      | 1177 ||| FLEEEEING.
  1178 | D:2      | 1178 ||| FLEEEEING.
  1179 | D:2      | 1179 ||| FLEEEEING.
  1180 | D:2      | 1180 ||| FLEEEEING.
  1181 | D:2      | 1181 ||| FLEEEEING.
  1182 | D:2      | 1182 ||| FLEEEEING.
  1183 | D:2      | 1183 ||| FLEEEEING.
  1184 | D:2      | 1184 ||| FLEEEEING.
  1190 | D:2      | 1190 ||| FLEEEEING.
  1194 | D:2      | 1194 ||| STAIRDANCE
  1372 | D:2      | Reached XP level 3. HP: 21/21 MP: 7/7
  1613 | D:2      | Reached skill level 4 in Axes
  1759 | D:2      | 1759 ||| Stepping ~*~*~tactically~*~*~ (stealth).
  1760 | D:2      | 1760 ||| Stepping ~*~*~tactically~*~*~ (stealth).
  1779 | D:2      | 1779 ||| Stepping ~*~*~tactically~*~*~ (stealth).
  1789 | D:2      | 1789 ||| FLEEEEING.
  1791 | D:2      | 1791 ||| FLEEEEING.
  1792 | D:2      | 1792 ||| FLEEEEING.
  1793 | D:2      | 1793 ||| FLEEEEING.
  1794 | D:2      | 1794 ||| FLEEEEING.
  1795 | D:2      | 1795 ||| FLEEEEING.
  1796 | D:2      | 1796 ||| FLEEEEING.
  1797 | D:2      | 1797 ||| FLEEEEING.
  1899 | D:2      | 1899 ||| Stepping ~*~*~tactically~*~*~ (stealth).
  1904 | D:2      | 1904 ||| Stepping ~*~*~tactically~*~*~ (stealth).
  1906 | D:2      | 1906 ||| Stepping ~*~*~tactically~*~*~ (hiding).
  2040 | D:2      | 2040 ||| Stepping ~*~*~tactically~*~*~ (stealth).
  2043 | D:2      | 2043 ||| Stepping ~*~*~tactically~*~*~ (stealth).
  2061 | D:2      | Reached XP level 4. HP: 23/26 MP: 8/8
  2381 | D:2      | 2381 ||| UPGRADING to +0 ring mail.
  2391 | D:2      | 2391 ||| DROPPING +0 leather armour.
  2392 | D:2      | 2392 ||| READING 3 scrolls labelled VOPAMI QYLUNEA.
  2393 | D:2      | 2393 ||| READING scroll labelled PULENAGHIDGH.
  2394 | D:2      | 2394 ||| READING 2 scrolls labelled PADUQO TUTI.
  2395 | D:2      | 2395 ||| READING scroll labelled TEITZO HEXTE.
  2398 | D:2      | 2398 ||| DRINKING 2 fuming cyan potions.
  2399 | D:2      | 2399 ||| READING 3 scrolls of identify.
  2399 | D:2      | 2399 ||| IDENTIFYING fuming purple potion
  2400 | D:2      | 2400 ||| READING 2 scrolls of identify.
  2400 | D:2      | 2400 ||| IDENTIFYING yellow potion
  2401 | D:2      | 2401 ||| DROPPING 2 scrolls of butterflies.
  2402 | D:2      | 2402 ||| DROPPING potion of attraction.
  2403 | D:2      | 2403 ||| DROPPING potion of brilliance.
  2404 | D:2      | 2404 ||| DROPPING scroll of vulnerability.
  2457 | D:3      | 2457 ||| STAIRDANCE
  2481 | D:3      | 2481 ||| STAIRDANCE
  2557 | D:3      | Noticed Ijyb
  2571 | D:3      | HP: 4/26 [Ijyb/+1 dagger of speed (5)]
  2572 | D:3      | 2572 ||| DRINKING potion of heal wounds.
  2579 | D:3      | HP: 6/26 [Ijyb/+1 dagger of speed (4)]
  2581 | D:3      | Killed from afar by Ijyb

Levels and vault maps discovered:
D:1:      mrwooster_arrival_statue_2, layout_basic,
          hellmonk_ecumenical_altar_run_dry
D:2:      layout_loops_corners, minmay_diced_spiral
D:3:      layout_loops_corners, gammafunk_temple_overflow_statue, uniq_grinder,
          uniq_ijyb

Skill      XL: |  1  2  3 |
---------------+----------+-----
Axes           | 3 4 |  4.7
Fighting       | |  2.0
Throwing       | |  1.0
Armour         | |  1.1
Dodging        | |  2.1
Spellcasting   | |  2.0
Translocations | |  2.4

Action                   |  1- 3 |  4- 6 || total
-------------------------+-------+-------++-------
Melee: Hand axe          |    86 |    36 ||   122
       Kick              |    17 |     7 ||    24
       Peck              |     5 |     4 ||     9
       Punch             |     2 |       ||     2
Throw: Boomerang         |     7 |       ||     7
  Use: Scroll            |     3 |     6 ||     9
       Potion            |       |     2 ||     2
Armor: Leather armour    |    30 |     1 ||    31
       Ring mail         |       |    12 ||    12
Dodge: Dodged            |    47 |    21 ||    68

Table legend:
 A = Non-vault XP
 B = Vault XP
 C = Vault XP percentage of total XP
 D = Non-vault monster count
 E = Vault monster count
 F = Vault count percentage of total count
                 A         B        C        D         E       F
            +---------+---------+-------+---------+---------+-------
      Total |      81 |      11 |  12.0 |      32 |       6 |  15.8
            +---------+---------+-------+---------+---------+-------
        D:1 |      25 |       0 |   0.0 |      15 |       0 |   0.0
        D:2 |      50 |      11 |  18.0 |      14 |       6 |  30.0
        D:3 |       6 |       0 |   0.0 |       3 |       0 |   0.0
            +---------+---------+-------+---------+---------+-------
